 Dungeon Crawl Stone Soup version 0.31-a0-981-geadf994 (webtiles) character file.

Game seed: 12048284742032128358

177 aurelian the Slasher (level 5, -2/28 (41) HPs)
             Began as a Human Reaver on Oct 24, 2023.
             Slain by a jelly (3 damage)
             ... on level 3 of the Dungeon on Oct 30, 2023.
             The game lasted 00:07:59 (2257 turns).

aurelian the Slasher (Human Reaver)                 Turns: 2257, Time: 00:07:59

HP:   -2/28 (41)    AC: -17   Str: 20    XL:     5   Next: 88%
MP:   8/8           EV: 10    Int: 14    God:
Gold: 92            SH:  0    Dex: 11    Spells: 7/8 levels left

rFire   . . .        a - +0 falchion
rCold   . . .        (no shield)
rNeg    . . .        y - +0 scale mail
rPois   .            (no helmet)
rElec   .            (no cloak)
rCorr   .            (no gloves)
SInv    .            (no boots)
Will    .....        (no amulet) Stlth
                     s - +6 ring of strength
HPRegen 0.24/turn    w - +4 ring of slaying
MPRegen 0.11/turn

%: no passive effects
@: corroded, attractive, very heavily drained
A: no striking features
a: no special abilities


You were on level 3 of the Dungeon.
You visited 1 branch of the dungeon, and saw 3 of its levels.

You collected 92 gold pieces.

Inventory:

Hand Weapons
 a - a +0 falchion (weapon)
 i - a +0 sling
   (You took it off a goblin on level 2 of the Dungeon)
 j - a +0 rapier
   (You found it on level 2 of the Dungeon)
Missiles
 l - 18 stones
Armour
 b - a +0 leather armour
 c - a +0 leather armour
   (You found it on level 1 of the Dungeon)
 d - a +0 ring mail
   (You found it on level 1 of the Dungeon)
 n - a +0 leather armour
   (You found it on level 2 of the Dungeon)
 v - a +0 robe
   (You found it on level 3 of the Dungeon)
 x - a +0 robe
   (You took it off Jessica on level 3 of the Dungeon)
 y - a +0 scale mail (worn)
   (You found it on level 3 of the Dungeon)
Jewellery
 s - a +6 ring of strength (left hand)
   (You found it on level 3 of the Dungeon)
 w - a +4 ring of slaying (right hand)
   (You found it on level 3 of the Dungeon)
Scrolls
 e - a scroll of enchant armour {unknown}
 f - a scroll of blinking {unknown}
 g - a scroll of teleportation {unknown}
 h - a scroll of acquirement {unknown}
 q - a scroll of immolation {unknown}
 r - a scroll of enchant weapon {unknown}
 u - a scroll of identify {unknown}
Potions
 m - a potion of heal wounds {unknown}
 o - a potion of mutation {unknown}
 p - a potion of enlightenment {unknown}
 t - a potion of curing {unknown}


   Skills:
 + Level 3.0 Fighting
 * Level 4.5 Long Blades
 + Level 1.8 Armour
 - Level 3.0 Dodging
 - Level 2.0 Spellcasting
 - Level 3.0 Conjurations


You had 7 spell levels left.
You knew the following spells:

 Your Spells              Type           Power      Damage    Failure   Level
a - Kiss of Death         Conj/Necr      20%        2d7       36%         1

Your spell library contained the following spells:

 Spells                   Type           Power      Damage    Failure   Level
 Momentum Strike          Conj/Tloc      10%        3d8       50%         2
 Hailstorm                Conj/Ice       5%         3d4       73%         3


Dungeon Overview and Level Annotations

Branches:
Dungeon (3/15)

Altars:
Dithmenos
Kikubaaqudgha
Sif Muna
Trog
Xom
Zin


Message History

You hit the jelly. The acid corrodes you!
Your hands burn!
A nearby fungus withers and dies.
You slash the jelly! The acid corrodes you!
Your hands burn!
The jelly misses you.
The endoplasm hits the fungus.
The fungus begins to die.
The endoplasm hits the fungus.
You hit the jelly but do no damage. The acid corrodes you!
Your hands burn!
The jelly hits you.
You are splashed with acid!
* * * LOW HITPOINT WARNING * * *
The endoplasm hits the fungus.
The endoplasm hits the fungus.
Okay, then.
It was a potion of ambrosia.
You are confused.
You feel invigorated. The jelly closely misses you.
Okay, then.
You slash the jelly!
You kill the jelly!
Your Fighting skill increases to level 3!
You're too confused to move!
The endoplasm hits you.
* * * LOW HITPOINT WARNING * * *
You bump into the rock wall.
The endoplasm closely misses you.
Unknown command.
You closely miss the endoplasm. The endoplasm closely misses you.
You barely miss the endoplasm. The endoplasm freezes you.
You are frozen.
You bump into the rock wall.
The endoplasm hits you.
You hit the endoplasm but do no damage.
You feel less invigorated.
You feel less confused. The endoplasm barely misses you.
The endoplasm freezes you.
You are frozen.
You hit the endoplasm. You hit the jelly.
Your hands burn!
You hit the jelly but do no damage.
Your hands burn!
The jelly barely misses you.
You hit the jelly. The acid corrodes you!
Your hands burn!
You punch the jelly, but do no damage. The jelly hits you.
You are splashed with acid.
* * * LOW HITPOINT WARNING * * *
You hit the jelly. The acid corrodes you!
Your hands burn!
* * * LOW HITPOINT WARNING * * *
The jelly hits you.
* * * LOW HITPOINT WARNING * * *
The acid corrodes you!
You are splashed with acid!
* * * LOW HITPOINT WARNING * * *
It was a potion of attraction.
You feel attractive to monsters. The jelly hits you.
You die...

#
##########
#
$....P.P.#
#
...÷÷_.P.#
#
.P._...P.#
÷..P.J...#
..._.JJ..#
..._JJJJ.#
#######J#
##..).@J##
#.########
##..'....#
####....#
#.......#
#.......#
#.......#
#.......#
##.....##


You could see a jelly and an endoplasm.

Vanquished Creatures
  A jelly (D:3)
  Jessica (D:3)
  5 adders
  2 worms (D:2)
  3 dart slugs
  5 bats
  6 endoplasms
  A giant cockroach (D:1)
  9 goblins
  7 hobgoblins
  2 jackals (D:3)
  2 quokkas (D:1)
  4 ball pythons
  A frilled lizard (D:3)
  9 kobolds
  9 rats
67 creatures vanquished.

Notes
Turn   | Place    | Note
-------+----------+-------------------------------------------
     0 | D:1      | aurelian the Human Reaver began the quest for the Orb.
     0 | D:1      | Reached XP level 1. HP: 16/16 MP: 3/3
   178 | D:1      | Reached XP level 2. HP: 14/20 MP: 3/5
   481 | D:1      | Reached XP level 3. HP: 27/27 MP: 6/6
   999 | D:2      | Reached XP level 4. HP: 23/25 MP: 4/7
  1093 | D:2      | Reached skill level 1 in Armour
  1309 | D:2      | Reached skill level 4 in Long Blades
  1635 | D:2      | Upgraded the game from 0.31-a0-963-ga325b22 to
                  | 0.31-a0-981-geadf994
  1712 | D:3      | Reached XP level 5. HP: 9/22 MP: 6/8
  1923 | D:3      | Found an ancient bone altar of Kikubaaqudgha.
  2092 | D:3      | Noticed Jessica
  2101 | D:3      | Killed Jessica
  2235 | D:3      | Found a shimmering altar of Xom.
  2235 | D:3      | Found a shimmering altar of Xom.
  2235 | D:3      | Found a glowing silver altar of Zin.
  2235 | D:3      | Found a shadowy altar of Dithmenos.
  2235 | D:3      | Found a shimmering blue altar of Sif Muna.
  2235 | D:3      | Found a bloodstained altar of Trog.
  2256 | D:3      | HP: 1/28 [acid (9)]
  2257 | D:3      | Slain by a jelly

Illustrated notes

Levels and vault maps discovered:
D:1:      wander_arrival_desolate, layout_rooms
D:2:      layout_basic, serial_aquarium, aquarium_bridge_straight
          [aquarium_subvault_bridge, aquarium_subvault_wall,
          aquarium_subvault_bridge, aquarium_subvault_wall], aquarium_window_1,
          aquarium_window_corridor_3, aquarium_window_1, aquarium_window_fake,
          aquarium_view_2a, minmay_tetromino_o2
D:3:      cheibrodos_fertilizer, layout_loops_corners,
          nicolae_kikubaaqudgha_miasma_corner, uniq_jessica

Skill      XL: |  1  2  3  4  5 |
---------------+----------------+-----
Armour         | 1 |  1.8
Long Blades    | 4 |  4.5
Dodging        | 3 |  3.0
Fighting       | 3 |  3.0
Spellcasting   | |  2.0
Conjurations   | |  3.0

Action                     |  1- 3 |  4- 6 || total
---------------------------+-------+-------++-------
  Melee: Falchion          |   139 |   121 ||   260
         Punch             |     1 |     2 ||     3
   Cast: Kiss of Death     |     3 |     3 ||     6
    Use: Potion            |       |     2 ||     2
 Armour: Leather armour    |    25 |       ||    25
         Ring mail         |    60 |    66 ||   126
         Scale mail        |       |     7 ||     7
  Dodge: Dodged            |    82 |    70 ||   152

Table legend: (Time is in decaauts)
 A = Elapsed time spent in this place.
 B = Non-inter-level travel time spent in this place.
 C = Inter-level travel time spent in this place.
 D = Time resting spent in this place.
 E = Time spent auto-exploring this place.
 F = Levels seen in this place.
 G = Mean time per level.
                   A        B        C        D        E       F      G
               +--------+--------+--------+--------+--------+-----+--------+
         Total |   2286 |   2258 |     28 |    306 |   1203 |   3 |  762.0 |
       Dungeon |   2286 |   2258 |     28 |    306 |   1203 |   3 |  762.0 |
               +--------+--------+--------+--------+--------+-----+--------+

Top non-repeatable levels by time:
     D:2: 988 daAuts
     D:1: 687 daAuts
     D:3: 610 daAuts
